 Dungeon Crawl Stone Soup version 0.19-a0-1789-ga32af4e (webtiles) character file.

70 JeffiDaFish the Sneak (level 4, -3/27 HPs)
             Began as a Vampire Enchanter on Oct 4, 2016.
             Killed by nerve-wracking pain
             ... invoked by Grinder
              (5 damage)
             ... on level 2 of the Dungeon.
             The game lasted 00:08:36 (2464 turns).

JeffiDaFish the Sneak (Vampire Enchanter)           Turns: 2464, Time: 00:08:36

Health: -3/27      AC:  3    Str:  8    XL:     4   Next: 4%
Magic:  7/7        EV: 13    Int: 17    God:
Gold:   109        SH:  0    Dex: 12    Spells: 2 memorised, 4 levels left

rFire  . . .     SeeInvis +     e - +2 dagger (protect)
rCold  . . .     Gourm    .     b - +1 robe
rNeg   + . .     Faith    .     (no shield)
rPois  .         Spirit   .     (no helmet)
rElec  .         Dismiss  .     (no cloak)
rCorr  .         Reflect  .     (no gloves)
MR     .....     Harm     .     (no boots)
Stlth  +++.......               (no amulet)
                                (no ring)
                                (no ring)

@: about to teleport
A: fangs 3, hooves 1, see invisible, clumsy 1, frail 1, unbreathing
a: Bat Form


You were on level 2 of the Dungeon.
You were not thirsty.

You visited 1 branch of the dungeon, and saw 3 of its levels.

You collected 109 gold pieces.

Inventory:

Hand Weapons
 a - a +1 dagger
 e - a +2 dagger of protection (weapon)
Armour
 b - a +1 robe (worn)
Scrolls
 g - 2 scrolls of identify
Potions
 d - 10 potions of blood
 f - a potion of berserk rage
Books
 c - a book of Maledictions

   Spells                             Type                      Level
   a - Corona                         Hexes                        1
   b - Ensorcelled Hibernation        Hexes/Ice                    2
   c - Confuse                        Hexes                        3
   d - Tukima's Dance                 Hexes                        3
   e - Dazzling Spray                 Conjuration/Hexes            3


   Skills:
 + Level 1.9 Short Blades
 + Level 2.9 Dodging
 + Level 5.2 Stealth
 + Level 2.3 Spellcasting
 + Level 5.1 Hexes
 + Level 0.2 Ice Magic


You had 4 spell levels left.
You knew the following spells:

 Your Spells              Type           Power        Failure   Level  Hunger
a - Corona                Hex            ###....      2%          1    #......
b - Ensorcelled Hibernat  Hex/Ice        ##....       12%         2    ##.....


Dungeon Overview and Level Annotations

Branches:
Dungeon (3/15)

Altars:

Annotations:
D:2 Grinder


Innate Abilities, Weirdness & Mutations

You have razor-sharp teeth.
You have supernaturally acute eyesight. (SInv)
You can survive without breathing.
You have large cloven feet.
You are clumsy. (Dex -2)
You are frail. (-10% HP)


Message History

There is a stone staircase leading down here.
Casting: Ensorcelled Hibernation
Confirm with . or Enter, or press ? or * to list all spells.
You can't see any susceptible monsters within range! (Use Z to cast anyway.)
You closely miss Grinder. You barely miss Grinder. Your kick misses Grinder.
Grinder gestures at you.
You barely resist. You hit Grinder.
Your weapon exudes an aura of protection.
Grinder is lightly wounded.
Grinder hits you.
* * * LOW HITPOINT WARNING * * *
You writhe in agony.
* * * LOW HITPOINT WARNING * * *
As you read the scroll of teleportation, it crumbles to dust.
You feel strangely unstable. Grinder barely misses you.
Grinder gestures at you. Pain shoots through your body!
You die...

##### ....# ###.# #.#
############ #.# #..........#
#.# #####.########.### #.#
#####^...............#
#.###.........@..###.....###
#.##.###..#.#.##.# #.......#
##.#.## ##....5##.# #.....#.#
##...## ##.##.##.# #.......#
...#.# #.##.##.# #######.####
##...## ##.##.##># #......
###...## ##.....##.# #..####
######.###......##.## #..#
.######.........#...#######..#


You could see Grinder.

Vanquished Creatures
  An adder (D:2)
  2 worms (D:2)
  4 dart slugs
  A leopard gecko (D:2)
  6 bats
  4 giant cockroaches
  2 goblins (D:2)
  8 hobgoblins
  5 jackals (D:2)
  2 kobolds
  A quokka (D:2)
  5 frilled lizards
  3 rats
44 creatures vanquished.

Notes
Turn   | Place    | Note
-------+----------+-------------------------------------------
     0 | D:1      | JeffiDaFish the Vampire Enchanter began the quest for the Orb.
     0 | D:1      | Reached XP level 1. HP: 13/13 MP: 3/3
   470 | D:1      | Gained mutation: You are clumsy. (Dex -2) [potion of mutation]
   470 | D:1      | Gained mutation: You have large cloven feet. [potion of mutation]
   470 | D:1      | Gained mutation: You are frail. (-10% HP) [potion of mutation]
   670 | D:1      | Reached XP level 2. HP: 8/17 MP: 5/5
  1032 | D:1      | Learned a level 2 spell: Ensorcelled Hibernation
  1369 | D:2      | Reached skill level 5 in Hexes
  1371 | D:2      | Reached XP level 3. HP: 19/21 MP: 6/6
  1522 | D:2      | Reached skill level 5 in Stealth
  2298 | D:2      | Reached XP level 4. HP: 25/27 MP: 7/7
  2445 | D:3      | Noticed Grinder
  2449 | D:3      | Paralysed by Grinder for 6 turns
  2464 | D:2      | Killed from afar by Grinder

Vault maps used:
D:1:      ncdulo_wetmaze
D:3:      kennysheep_slugbush, uniq_grinder

Skill      XL: |  1  2  3 |
---------------+----------+-----
Hexes          | 5 |  5.1
Stealth        | 5 |  5.2
Short Blades   | |  1.9
Dodging        | |  2.9
Spellcasting   | |  2.3
Ice Magic      | |  0.2

Action                   |  1- 3 |  4- 6 || total
-------------------------+-------+-------++-------
Melee: Dagger            |   182 |     5 ||   187
       Bite              |    15 |       ||    15
       Kick              |    25 |       ||    25
 Cast: Ensorcelled Hiber |     7 |       ||     7
       Corona            |     1 |       ||     1
  Use: Potion            |     8 |       ||     8
       Scroll            |     4 |     1 ||     5
 Stab: Sleeping          |     8 |     2 ||    10
Armor: Robe              |    54 |       ||    54
Dodge: Dodged            |   111 |     2 ||   113
